 Dungeon Crawl Stone Soup version 0.30-a0-371-gad7725a93e (webtiles) character file.

Game seed: 2102824896321172823

184060 ryw the Tortoise (level 16, -3/150 (151) HPs)
             Began as a Demigod Fighter on Nov 22, 2022.
             Slain by a wolf spider (21 damage)
             ... on level 1 of the Spider Nest on Nov 23, 2022.
             The game lasted 01:21:10 (35690 turns).

ryw the Tortoise (Demigod Fighter)                 Turns: 35690, Time: 01:21:11

HP:   -3/150 (151)  AC: 45    Str: 47      XL:     16   Next: 83%
MP:   23/23         EV: 11    Int: 10      God:
Gold: 2463          SH: 14    Dex: 15 (17) Spells: 17/19 levels left

rFire   . . .      SeeInvis +    z - +7 morningstar (protect)
rCold   . . .      Faith    .    c - +3 buckler
rNeg    . . .      Spirit   .    e - +10 plate armour of Yklaonep {Dex+4 SInv}
rPois   +          Reflect  .    j - +2 helmet
rElec   .          Harm     .    l - +2 cloak
rCorr   .          Rampage  .    n - +2 pair of gloves
Will    +....                    (no boots)
Stlth   ..........               M - amulet of the acrobat
HPRegen 0.45/turn                p - +6 ring of strength
MPRegen 0.18/turn                Z - +6 ring of strength

@: mighty, lethally poisoned (-3 -> -6), under a protective aura, lightly
drained, unable to drink
A: high MP 1, forlorn, divine attributes, large bone plates 1, poison
resistance, weak 1, inability to drink after injury 1, MP-powered wands
}: 1/15 runes: decaying
a: no special abilities


You were on level 1 of the Spider Nest.
You visited 5 branches of the dungeon, and saw 28 of its levels.
You also visited: Ice Cave.

You collected 2557 gold pieces.
You spent 94 gold pieces at shops.

Inventory:

Hand Weapons
 z - a +7 morningstar of protection (weapon)
 U - a +1 dire flail of holy wrath
Missiles
 x - 9 atropa-tipped darts
 K - 22 javelins
Armour
 c - a +3 buckler (worn)
 e - the +10 plate armour of Yklaonep (worn) {Dex+4 SInv}
   (You found it on level 2 of the Dungeon)

   Dex:       It affects your dexterity (+4).
   SInv:      It lets you see invisible.
 j - a +2 helmet (worn)
 l - a +2 cloak (worn)
 n - a +2 pair of gloves (worn)
 I - the +5 chain mail "Zunifed" {+Blink rF+}
   (You found it on level 9 of the Dungeon)

   rF:        It protects you from fire.
   +Blink:    It lets you blink.
 T - a +0 crystal plate armour
 X - the +4 ring mail of Floral Creativity {rPois rC+}
   (You found it on level 1 of the Swamp)

   rC:        It protects you from cold.
   rPois:     It protects you from poison.
Jewellery
 g - an amulet of reflection
 m - a ring of willpower
 o - a ring of positive energy
 p - a +6 ring of strength (left hand)
 s - a ring of protection from cold
 M - an amulet of the acrobat (around neck)
 Z - a +6 ring of strength (right hand)
Wands
 u - a wand of acid (30)
 v - a wand of flame (26) (quivered)
 w - a wand of polymorph (12)
 A - a wand of mindburst (13)
 F - a wand of roots (14)
 P - a wand of digging (2)
 R - a wand of paralysis (16)
Scrolls
 y - 2 scrolls of summoning
 D - 7 scrolls of teleportation
 N - 3 scrolls of fear
 O - 7 scrolls of magic mapping
 Q - a scroll of blinking
 V - a scroll of silence
 W - 2 scrolls of fog
 Y - a scroll of poison
Potions
 b - 3 potions of berserk rage
 d - a potion of might
 f - 4 potions of flight
 h - 5 potions of magic
 i - 4 potions of brilliance
 q - 9 potions of curing
 r - 3 potions of attraction
 t - 2 potions of heal wounds
 C - 3 potions of haste
 E - 5 potions of resistance
 G - 5 potions of lignification
 H - 2 potions of mutation
 L - a potion of cancellation
 S - a potion of invisibility
Miscellaneous
 a - a lightning rod (4/4)
 B - a piece from Xom's chessboard (15/15)
 J - a condenser vane


   Skills:
 + Level 16.1 Fighting
 - Level 16.0 Maces & Flails
 + Level 16.7 Armour
 * Level 3.6 Dodging
 - Level 10.0 Shields
 + Level 2.3 Spellcasting
 + Level 1.9 Transmutations


You had 17 spell levels left.
You knew the following spells:

 Your Spells              Type           Power      Damage    Failure   Level
a - Wereblood             Tmut           4%         N/A       58%         2

Your spell library contained the following spells:

 Spells                   Type           Power      Damage    Failure   Level
 Beastly Appendage        Tmut           8%         N/A       43%         1
 Apportation              Tloc           2%         N/A       71%         1
 Kiss of Death            Conj/Necr      4%         2d5       71%         1
 Magic Dart               Conj           4%         1d3       71%         1
 Necrotise                Necr           4%         1d4       71%         1
 Sandblast                Erth           2%         2d4       71%         1
 Summon Small Mammal      Summ           4%         N/A       71%         1
 Passwall                 Tmut/Erth      2%         N/A       71%         2
 Blink                    Tloc           2%         N/A       85%         2
 Call Imp                 Summ           1%         N/A       85%         2
 Ensorcelled Hibernation  Hex/Ice        2%         N/A       85%         2
 Momentum Strike          Conj/Tloc      2%         3d8       85%         2
 Spider Form              Tmut/Pois      3%         N/A       91%         3
 Ignite Poison            Fire/Tmut/Pois 2%         N/A       94%         3
 Confusing Touch          Hex            1%         N/A       97%         3
 Dazzling Flash           Conj/Hex       2%         N/A       97%         3
 Frozen Ramparts          Ice            2%         1d1       97%         3
 Gell's Gravitas          Tloc           1%         N/A       97%         3
 Kindle Blastsparks       Fire/Tloc/Air  2%         2d10      97%         3
 Lesser Beckoning         Tloc           2%         N/A       97%         3
 Mephitic Cloud           Conj/Pois/Air  1%         N/A       97%         3
 Ozocubu's Armour         Ice            1%         N/A       97%         3
 Stone Arrow              Conj/Erth      2%         3d7       97%         3
 Summon Guardian Golem    Hex/Summ       1%         N/A       97%         3
 Teleport Other           Tloc           1%         N/A       97%         3
 Tukima's Dance           Hex            1%         N/A       97%         3
 Animate Armour           Summ/Erth      2%         N/A       100%        4
 Animate Dead             Necr           1%         N/A       100%        4
 Dispel Undead            Necr           1%         3d6       100%        4
 Fulminant Prism          Conj/Hex       0%         3d5       100%        4
 Ice Form                 Ice/Tmut       3%         N/A       100%        4
 Iskenderun's Mystic Bla  Conj/Tloc      1%         2d3       100%        4
 Manifold Assault         Tloc           1%         N/A       100%        4
 Passage of Golubria      Tloc           1%         N/A       100%        4
 Summon Ice Beast         Ice/Summ       1%         N/A       100%        4
 Summon Lightning Spire   Summ/Air       1%         N/A       100%        4
 Agony                    Necr           1%         N/A       100%        5
 Blade Hands              Tmut           2%         N/A       100%        5
 Borgnjor's Vile Clutch   Necr/Erth      0%         N/A       100%        5
 Freezing Cloud           Conj/Ice/Air   0%         6-21      100%        5
 Irradiate                Conj/Tmut      1%         3d12      100%        5
 Lee's Rapid Deconstruct  Erth           0%         3d4*      100%        5
 Silence                  Hex/Air        0%         N/A       100%        5
 Yara's Violent Unravell  Hex/Tmut       1%         3d3       100%        5
 Death Channel            Necr           0%         N/A       100%        6
 Dispersal                Tloc           0%         N/A       100%        6
 Iron Shot                Conj/Erth      0%         9d1       100%        6
 Dragon Form              Tmut           2%         N/A       100%        7
 Haunt                    Necr/Summ      0%         N/A       100%        7
 Orb of Destruction       Conj           0%         9d5       100%        7
 Ozocubu's Refrigeration  Ice            0%         4d7       100%        7
 Spellforged Servitor     Conj/Summ      0%         N/A       100%        7
 Storm Form               Tmut/Air       1%         N/A       100%        7
 Disjunction              Tloc           0%         N/A       100%        8
 Infestation              Necr           0%         N/A       100%        8
 Maxwell's Capacitive Co  Air            0%         ∞         100%        8
 Necromutation            Tmut/Necr      1%         N/A       100%        8


Dungeon Overview and Level Annotations

Branches:
Dungeon (15/15) Temple (0/1) D:4 Lair (5/5) D:8 Swamp (4/4) Lair:3 Spider (2/4) Lair:2 Slime (0/5) Lair:5 Orc (2/2) D:9 Elf (0/3) Orc:2 Vaults (0/5) D:13 D:14 Depths (0/4) D:15 IceCv (visited)

Shops:
D:1 [   Orc:2 :*:(

Portals:
Abyss: Lair:4

Annotations:
Lair:4 2 transporters, AigisTheKnight's ghost, journeyman TeFE


Innate Abilities, Weirdness & Mutations

You have an increased reservoir of magic. (+10% MP)
You shall have no god before yourself.
Your divine heritage dramatically boosts your attributes as you level up.
You are partially covered in large bone plates. (SH +4)
Your system is resistant to poisons. (rPois)
You are weak. (Str -2)
You occasionally lose the ability to drink potions when taking damage.
You expend magic power (3 MP) to strengthen your wands.


Message History

The moth of wrath is almost dead.
You feel sick.
The redback bites you but does no damage.
The wolf spider barely misses you. x2
The pharaoh ant bites you but does no damage.
The redback bites you. The wolf spider completely misses you.
The wolf spider bites you but does no damage.
The moth of wrath bites you! You block the pharaoh ant's attack.
You are too injured to fight recklessly!
You feel very mighty all of a sudden.
You feel sick. The redback bites you! You block the wolf spider's attack.
The wolf spider completely misses you.
The redback bites you but does no damage.
The wolf spider hits you but does no damage.
The wolf spider bites you!
* * * LOW HITPOINT WARNING * * *
The pharaoh ant bites you but does no damage.
You block the moth of wrath's attack. The redback barely misses you.
The wolf spider barely misses you.
The wolf spider bites you but does no damage.
You impale the moth of wrath!!
You kill the moth of wrath!
You feel sick. You block the redback's attack.
The wolf spider closely misses you. You block the wolf spider's attack.
The pharaoh ant bites you but does no damage.
You sock the wolf spider!
The wolf spider is lightly wounded.
You feel sick. The wolf spider hits you!
* * * LOW HITPOINT WARNING * * *
The wolf spider bites you but does no damage.
The redback bites you but does no damage.
You block the pharaoh ant's attack. You block the wolf spider's attack.
The wolf spider bites you.
* * * LOW HITPOINT WARNING * * *
The redback barely misses you.
You bludgeon the wolf spider!!
The wolf spider is heavily wounded.
You feel sick. The wolf spider hits you!!
You feel threatened and lose the ability to drink potions!
You die...

.......#^.###.#.#....#......#...†
^..........##.........#....#.....
..#...##.........##......#....#..
#.....##....#...###..#....#......
#^..#...#.^##.....#....#..^.##...
.#......#..#.........#~.##...###.
.......<.............#≈~.....# #.
#......†.....#..sB.###.#....## ##
.....#.....#....@.#.#...#...#
..###.....#.....†s..#.....#.≈≈
........####.#........... .~~≈
.#.....##.#.#....#......# .#≈≈
.#....)..........##...#~≈
...#.#...........# ...~≈≈
##.(.~...#....##.# #.#≈≈≈
....#~###...###### #≈≈≈#
..###~.....~~#


You could see a wolf spider (berserk), a pharaoh ant and a redback (berserk).

Vanquished Creatures
  3 thorn hunters
  A ghost moth (Spider:1)
  2 broodmothers
  7 eleionomae
  Nessos (D:14)
  A bunyip (Swamp:3)
  An ettin (D:15)
  A shambling mangrove (Swamp:4)
  An entropy weaver (Lair:2)
  Josephine (D:15)
  An entropy weaver (shapeshifter) (D:13)
  17 hydras
  An ogre mage (D:15)
  A catoblepas (Lair:4)
  A radroach (Lair:2)
  10 centaur warriors
  Erolcha (Orc:2)
  14 alligators
  8 two-headed ogres
  3 tengu warriors
  Urug (D:13)
  A hell knight (D:15)
  A pharaoh ant (Spider:1)
  9 goliath frogs
  3 skeletal warriors (D:12)
  A steelbarb worm (Lair:2)
  2 spriggan druids
  A wizard (D:15)
  9 swamp dragons (Swamp:4)
  2 orb spiders (Spider:1)
  A deep troll (D:15)
  2 orc sorcerers (Orc:2)
  A bog body (Swamp:3)
  2 necromancers
  An orc knight (Orc:2)
  A deep elf pyromancer (D:13)
  4 cyclopes
  6 wolf spiders
  16 ugly things
  3 manticores
  7 slime creatures
  2 will-o-the-wisps
  6 centaur zombies (D:11)
  2 moths of wrath (Spider:1)
  7 elephants
  A guardian serpent (Lair:5)
  An ice statue (IceCv)
  9 black mambas
  2 gargoyles
  13 cane toads
  Psyche (D:10)
  5 komodo dragons
  An unseen horror (D:12)
  2 freezing wraiths (IceCv)
  A kobold demonologist (D:14)
  4 anaconda simulacra (IceCv)
  An efreet (D:13)
  11 ice devils (IceCv)
  7 rime drakes
  A yaktaur (D:15)
  3 tengu conjurers
  9 polar bears (Lair:5)
  5 trolls
  9 hornets
  9 tyrant leeches
  9 tarantellas
  7 meliai
  23 blink frogs
  3 meliai zombies (D:11)
  A tarantella (shapeshifter) (D:13)
  3 raiju (Lair:5)
  Sigmund (D:3)
  18 jumping spiders
  4 spriggans
  A vampire (D:12)
  6 culicivoras
  A centaur simulacrum (D:15)
  10 wraiths
  4 water elementals
  14 wyverns
  71 yaks
  16 humans (D:13)
  6 basilisks
  2 dire elephant simulacra (IceCv)
  3 steam dragons
  5 death yak simulacra (IceCv)
  27 redbacks
  13 vampire mosquitoes
  6 wargs
  3 harpy simulacra (IceCv)
  19 swamp worms
  2 acid dragons
  23 water moccasins
  A hydra simulacrum (IceCv)
  14 hell hounds (Lair:5)
  4 ice beasts
  A sky beast (D:7)
  7 swamp drakes
  35 orc warriors
  A black bear (shapeshifter) (D:14)
  11 black bears (Lair:5)
  6 ogres
  33 wolves
  18 centaurs
  3 kobold brigands
  Blork the orc (D:4)
  13 bullfrogs
  A gnoll sergeant (D:7)
  A scorpion (D:5)
  A two-headed ogre simulacrum (IceCv)
  5 cane toad simulacra (IceCv)
  5 wights
  3 elephant simulacra (IceCv)
  28 killer bees
  7 electric eels
  4 howler monkeys
  7 crimson imps (D:8)
  7 hounds
  15 jellies
  Crazy Yiuf (D:2)
  19 orc priests
  3 gnoll boudas
  5 iguanas
  18 orc wizards
  Terence (D:2)
  3 boggart zombies (D:11)
  Natasha (twice) (D:3)
  A troll simulacrum (IceCv)
  5 polar bear simulacra (IceCv)
  A spriggan simulacrum (IceCv)
  2 wolf simulacra (IceCv)
  4 adders
  21 gnolls
  A naga simulacrum (IceCv)
  3 shadow imps
  15 white imps
  2 ufetubi
  4 worms
  5 dart slugs
  95 orcs
  6 bats
  10 endoplasms
  3 giant cockroaches
  6 goblins
  7 hobgoblins
  5 quokkas
  7 ball pythons
  5 frilled lizards
  8 kobolds
  4 rats
1067 creatures vanquished.

Vanquished Creatures (others)
  A bloated husk (Swamp:2)
  A jumping spider (Spider:1)
  An orc (D:8)
  14 foxfires
  44 fungi
  84 plants
145 creatures vanquished.

Grand Total: 1212 creatures vanquished

Notes
Turn   | Place    | Note
-------+----------+-------------------------------------------
     0 | D:1      | ryw the Demigod Fighter began the quest for the Orb.
     0 | D:1      | Reached XP level 1. HP: 18/18 MP: 3/3
   190 | D:1      | Reached XP level 2. HP: 24/25 MP: 4/4
   332 | D:1      | Found Cuage's Antique Armour Shoppe.
   880 | D:2      | Reached XP level 3. HP: 30/31 MP: 5/5
  1030 | D:2      | Identified the +10 plate armour of Yklaonep {Dex+4 SInv}
  1143 | D:2      | Reached XP level 4. HP: 15/38 MP: 6/6
  1306 | D:2      | Identified the +5 dagger of Fedhas's Anger {vorpal, Str+4
                  | Int+2 SInv}
  1344 | D:2      | Found a runed translucent door.
  1345 | D:2      | Noticed Crazy Yiuf
  1357 | D:2      | Killed Crazy Yiuf
  1994 | D:3      | Noticed Terence
  2014 | D:2      | Killed Terence
  2036 | D:3      | Noticed Sigmund
  2061 | D:3      | Killed Sigmund
  2062 | D:3      | Reached XP level 5. HP: 23/46 MP: 7/7
  2062 | D:3      | Reached XP level 6. HP: 26/52 MP: 8/8
  2356 | D:3      | Noticed Natasha
  2360 | D:3      | Killed Natasha
  2493 | D:3      | Noticed Natasha
  2505 | D:3      | Killed Natasha
  2517 | D:3      | Identified the +5 spear of the Blushing Penguin {vorpal,
                  | SInv}
  2644 | D:1      | Bought a helmet for 94 gold pieces
  2919 | D:4      | Found the +3 woodcutter's axe {vorpal}
  3067 | D:4      | Found a staircase to the Ecumenical Temple.
  3151 | D:4      | Noticed Blork the orc
  3163 | D:4      | Killed Blork the orc
  3164 | D:4      | Reached skill level 5 in Armour
  3260 | D:4      | Reached XP level 7. HP: 41/59 MP: 9/9
  3662 | D:5      | Entered Level 5 of the Dungeon
  3674 | D:5      | Reached skill level 5 in Maces & Flails
  4231 | D:4      | Gained mutation: You have sharp toenails. [potion of
                  | mutation]
  4231 | D:4      | Gained mutation: You have a pair of small horns on your
                  | head. [potion of mutation]
  4231 | D:4      | Gained mutation: Your body sometimes deteriorates upon
                  | taking damage. [potion of mutation]
  4233 | D:4      | HP: 5/135 [poisoned by an orc wizard]
  4236 | D:4      | HP: 1/90 [poisoned by an orc wizard]
  4433 | D:5      | Reached XP level 8. HP: 67/67 MP: 10/10
  4645 | D:6      | Reached skill level 5 in Fighting
  5734 | D:7      | Reached XP level 9. HP: 75/75 MP: 11/11
  6391 | D:8      | Found a staircase to the Lair.
  6850 | D:8      | Reached XP level 10. HP: 71/86 MP: 13/13
  7391 | Lair:1   | Entered Level 1 of the Lair of Beasts
  7503 | Lair:1   | Reached skill level 10 in Maces & Flails
  8801 | Lair:2   | Reached XP level 11. HP: 94/94 MP: 14/14
  9252 | Lair:2   | Found a hole to the Spider Nest.
  9940 | Lair:3   | Reached skill level 10 in Armour
 10206 | D:6      | Lost mutation: Your body sometimes deteriorates upon taking
                  | damage. [potion of mutation]
 10206 | D:6      | Lost mutation: You have a pair of small horns on your head.
                  | [potion of mutation]
 10206 | D:6      | Lost mutation: You have sharp toenails. [potion of
                  | mutation]
 10206 | D:6      | Gained mutation: You are partially covered in large bone
                  | plates. (SH +4) [potion of mutation]
 10206 | D:6      | Gained mutation: Your system is resistant to poisons.
                  | (rPois) [potion of mutation]
 10206 | D:6      | Gained mutation: You expend magic power (3 MP) to
                  | strengthen your wands. [potion of mutation]
 10510 | D:9      | Found a staircase to the Orcish Mines.
 10645 | D:9      | Identified the +5 chain mail "Zunifed" {+Blink rF+}
 11274 | D:10     | Entered Level 10 of the Dungeon
 11558 | D:10     | Noticed Psyche
 11561 | D:10     | Killed Psyche
 12478 | D:11     | Reached skill level 5 in Shields
 12489 | D:11     | Reached XP level 12. HP: 69/104 MP: 15/15
 14117 | D:12     | Reached skill level 10 in Fighting
 15652 | D:13     | Noticed a centaur warrior
 15662 | D:13     | Killed a centaur warrior
 15663 | D:13     | Reached XP level 13. HP: 114/114 MP: 16/16
 15952 | D:14     | Noticed Nessos
 15952 | D:14     | Noticed Urug
 15952 | D:14     | Found a gate to the Vaults.
 17044 | Lair:3   | Found a staircase to the Swamp.
 17208 | Lair:3   | Reached skill level 15 in Maces & Flails
 17696 | Lair:4   | Found a transporter.
 17703 | Lair:4   | Found a transporter.
 17724 | Lair:4   | Noticed AigisTheKnight's ghost (journeyman TeFE)
 17730 | Lair:4   | Found a one-way gate to the infinite horrors of the Abyss.
 18289 | Lair:5   | Entered Level 5 of the Lair of Beasts
 19348 | Lair:5   | Found a staircase to the Slime Pits.
 19373 | Lair:5   | Reached XP level 14. HP: 125/125 MP: 17/17
 21596 | Orc:1    | Entered Level 1 of the Orcish Mines
 21597 | Orc:1    | Found a frozen archway.
 21632 | IceCv    | Entered an ice cave
 21647 | IceCv    | HP: 3/127 [death yak simulacrum (7)]
 22856 | IceCv    | Got the Collected Works on the Snowflakes and Black Arts
 23458 | Orc:2    | Entered Level 2 of the Orcish Mines
 23470 | Orc:1    | Noticed Erolcha
 23561 | Orc:2    | Killed Erolcha
 24149 | Orc:1    | Paralysed by an orc sorcerer for 5 turns
 24251 | Orc:2    | Found a staircase to the Elven Halls.
 24452 | Orc:2    | Found Eqevir's Assorted Antiques.
 24452 | Orc:2    | Found Zireunof's Book Shop.
 24454 | Orc:2    | Found Uloy's Antique Weapon Boutique.
 24456 | Orc:2    | Found Ibuyf's Book Shoppe.
 24998 | D:13     | Killed Urug
 25005 | D:13     | Reached XP level 15. HP: 123/136 MP: 18/18
 25179 | D:14     | Killed Nessos
 26546 | D:15     | Entered Level 15 of the Dungeon
 26913 | D:15     | Noticed Josephine
 26967 | D:15     | Killed Josephine
 27334 | D:15     | Found a staircase to the Depths.
 28294 | Swamp:1  | Entered Level 1 of the Swamp
 28403 | Swamp:1  | Identified the +4 ring mail of Floral Creativity {rPois
                  | rC+}
 28960 | Swamp:2  | Reached skill level 15 in Armour
 29818 | Swamp:3  | Reached skill level 10 in Shields
 30432 | Swamp:3  | Noticed a thorn hunter
 30509 | Swamp:3  | Killed a thorn hunter
 30510 | Swamp:3  | Reached XP level 16. HP: 85/147 MP: 19/19
 30847 | Swamp:4  | Entered Level 4 of the Swamp
 31054 | Swamp:4  | Reached skill level 15 in Fighting
 32202 | Swamp:4  | Got a decaying rune of Zot
 32391 | Swamp:4  | Paralysed by a hornet for 1 turns
 33049 | Spider:1 | Entered Level 1 of the Spider Nest
 33127 | Lair:2   | Reached skill level 1 in Dodging
 33524 | Lair:2   | Reached skill level 1 in Spellcasting
 33572 | Lair:2   | Gained mutation: You are weak. (Str -2) [mutagenic glow]
 33585 | Lair:2   | Gained mutation: You occasionally lose the ability to drink
                  | potions when taking damage. [mutagenic glow]
 33741 | Lair:2   | Learned a level 2 spell: Wereblood
 34379 | Lair:2   | Reached skill level 1 in Transmutations
 35690 | Spider:1 | Slain by a wolf spider

Illustrated notes

Levels and vault maps discovered:
D:1:      evilmike_arrival_rings, layout_loops_ring,
          shapermc_ecumenical_altar_mp_highgroup, serial_shops, shop,
          amcnicky_mini_corridor_feature, minmay_circled_x
D:2:      layout_basic, chequers_big_river, uniq_crazy_yiuf_cottage
D:3:      layout_rooms, st_stairs_11, uniq_sigmund, uniq_natasha, uniq_terence
D:4:      layout_basic, nicolae_vehumet_radiance, minmay_temple_entry_tees,
          uniq_blork_the_orc
D:5:      layout_basic, grunt_temple_overflow_open
D:6:      layout_gridville, kennysheep_mini
D:7:      layout_rooms, mainiacjoe_overflow_catwalk
D:8:      kennysheep_blocky_hall, layout_rooms, grunt_qazlal_clouds,
          minmay_nine_imps
D:9:      layout_loops_ring, david_orc_5
D:10:     layout_irregular_city, minitemple, nicolae_sif_muna_little_library,
          kennysheep_cross_bottleneck, uniq_psyche
D:11:     layout_basic, serial_rivers, chequers_serial_rivers_small_a,
          chequers_serial_rivers_micro_c, chequers_serial_rivers_micro_d,
          chequers_serial_rivers_small_3, nicolae_yredelemnul_corpse_copse
D:12:     layout_rooms
D:13:     layout_loops_cross, special_room [special_room_orc], elyvilon_altar_1
D:14:     layout_basic, david_vaults_3
D:15:     hangedman_depths_entry_civil_slaughter, layout_basic, minivault_26,
          grunt_ministairs_15, uniq_josephine
Lair:1:   layout_long_grid
Lair:2:   layout_regular_city, hellmonk_spider_entry_not_the_bees
Lair:3:   layout_roguey, palyth_hydra_swamp_entry
Lair:4:   layout_misc_corridors, gammafunk_ghost_abyssal_escape,
          kennysheep_catoblepas_arena
Lair:5:   hangedman_lair_caniforms_friends, layout_regular_city,
          hangedman_lair_tendril_chambers, minmay_slime_entry_jelly_boxes
Swamp:1:  layout_basic_swamp, nicolae_swamp_oxbows, swamp_pool4
Swamp:2:  layout_falls_marsh, hangedman_swamp_diagram
Swamp:3:  layout_basic_swamp, evilmike_swamp_ruin_wall, swamp_pool4
Swamp:4:  swamp_alternative, layout_basic_swamp, swamp_pool2,
          nicolae_swamp_no_escape
Spider:1: layout_spider_delve, hellmonk_spider_spawner
Spider:2: layout_spider_delve
Orc:1:    layout_diamond_mine, portal_ice_cave_entry_imps, basic_altar,
          uniq_erolcha
Orc:2:    st_orc_rangers, layout_caves, basic_altar

Skill      XL: |  1  2  3  4  5  6  7  8  9 10 11 12 13 14 15 16 |
---------------+-------------------------------------------------+-----
Maces & Flails | 2 3 4 6 7 9 11 12 14 15 16 | 16.0
Fighting       | 3 4 5 7 8 9 10 11 13 14 16 | 16.1
Armour         | 3 4 5 6 7 8 9 10 11 12 14 15 16 | 16.7
Shields        | 5 7 10 | 10.0
Dodging        | 3 |  3.6
Spellcasting   | 2 |  2.3
Transmutations | 1 |  1.9

Action                   |  1- 3 |  4- 6 |  7- 9 | 10-12 | 13-15 | 16-18 || total
-------------------------+-------+-------+-------+-------+-------+-------++-------
Melee: Flail             |   108 |   163 |   354 |       |       |       ||   625
       Kick              |       |       |    84 |    78 |       |       ||   162
       Headbutt          |       |       |    54 |    49 |       |       ||   103
       Morningstar       |       |       |    38 |   794 |  1818 |   635 ||  3285
Evoke: Wand              |       |       |    12 |     5 |     3 |     5 ||    25
       Lightning rod     |       |       |       |       |    11 |       ||    11
       Condenser vane    |       |       |       |       |     1 |       ||     1
  Use: Scroll            |     5 |     7 |     2 |    14 |    10 |       ||    38
       Potion            |       |     4 |     6 |     3 |     4 |     3 ||    20
 Stab: Distracted        |       |       |       |       |     1 |       ||     1
Armor: Scale mail        |    24 |       |       |       |       |       ||    24
       Plate armour      |    53 |   107 |   401 |   577 |  1017 |   601 ||  2756
       Leather armour    |       |       |       |       |    21 |       ||    21
Dodge: Dodged            |    39 |    42 |   187 |   282 |   641 |   311 ||  1502
Block: Buckler           |    31 |    55 |   138 |   419 |  1138 |   532 ||  2313

Table legend: (Time is in decaauts)
 A = Elapsed time spent in this place.
 B = Non-inter-level travel time spent in this place.
 C = Inter-level travel time spent in this place.
 D = Time resting spent in this place.
 E = Time spent auto-exploring this place.
 F = Levels seen in this place.
 G = Mean time per level.
                   A        B        C        D        E       F      G
               +--------+--------+--------+--------+--------+-----+--------+
         Total |  35598 |  33615 |   1983 |   9534 |  16306 |  29 | 1227.5 |
       Dungeon |  17030 |  15879 |   1151 |   2852 |   9525 |  15 | 1135.3 |
          Lair |   9845 |   9264 |    581 |   3585 |   3680 |   5 | 1969.0 |
         Swamp |   4806 |   4636 |    170 |   1442 |   2104 |   4 | 1201.5 |
   Spider Nest |   1038 |   1023 |     15 |    394 |    187 |   2 |  519.0 |
  Orcish Mines |   1161 |   1097 |     64 |    258 |    469 |   2 |  580.5 |
      Ice Cave |   1717 |   1717 |      0 |   1002 |    339 |   1 | 1717.0 |
               +--------+--------+--------+--------+--------+-----+--------+

Top non-repeatable levels by time:
  Lair:2: 3073 daAuts
  Lair:5: 2675 daAuts
    D:11: 1815 daAuts
  Lair:3: 1751 daAuts
   IceCv: 1717 daAuts
 Swamp:3: 1715 daAuts
    D:15: 1493 daAuts
 Swamp:4: 1486 daAuts
    D:13: 1458 daAuts
    D:14: 1381 daAuts
  Lair:1: 1213 daAuts
     D:2: 1187 daAuts
     D:6: 1163 daAuts
  Lair:4: 1133 daAuts
    D:12: 1112 daAuts
